 Dungeon Crawl Stone Soup version 0.29-a0-676-ga64570c9d2 (webtiles) character file.

Game seed: 8600654048398900229

311 vineage the Skirmisher (level 6, -1/60 HPs)
             Began as a Gargoyle Fighter on June 24, 2022.
             Slain by a killer bee (3 damage)
             ... on level 3 of the Dungeon.
             The game lasted 00:04:27 (3883 turns).

vineage the Skirmisher (Gargoyle Fighter)           Turns: 3883, Time: 00:04:28

Health: -1/60      AC: 23    Str: 22    XL:     6   Next: 42%
Magic:  6/6        EV:  2    Int:  8    God:
Gold:   100        SH:  9    Dex:  9    Spells: 5/5 levels left

rFire   . . .      SeeInvis .   a - +0 flail
rCold   . . .      Faith    .   c - +0 buckler
rNeg    + . .      Spirit   .   (body armour currently unavailable)
rPois   ∞          Reflect  +   (helmet currently unavailable)
rElec   .          Harm     .   (cloak currently unavailable)
rCorr   .          Rampage  .   (gloves currently unavailable)
Will    .....      NoTele   +   (boots currently unavailable)
Stlth   +.........              g - amulet of reflection
HPRegen 0.20/turn               (no ring)
MPRegen 0.10/turn               (no ring)

@: tree-form
A: stationary, stasis, torment immunity, boosted hp, sickness immunity, AC +4,
negative energy resistance 1, (electricity resistance), torment resistance 1,
petrification resistance
a: no special abilities


You were on level 3 of the Dungeon.
You were a tree.
You visited 1 branch of the dungeon, and saw 4 of its levels.

You collected 100 gold pieces.

Inventory:

Hand Weapons
 a - a +0 flail (weapon)
Armour
 b - a +0 scale mail (melded)
 c - a +0 buckler (worn)
 p - a +1 cloak of preservation (melded)
Jewellery
 g - an amulet of reflection (around neck)
Scrolls
 d - a scroll of noise {unknown}
 f - a scroll of enchant weapon {unknown}
 i - 3 scrolls of identify {unknown}
 k - a scroll of enchant armour {unknown}
 m - a scroll of fog
 o - a scroll of brand weapon {unknown}
 q - a scroll of vulnerability {unknown}
 r - a scroll of immolation {unknown}
Potions
 e - a potion of berserk rage {unknown}
 h - a potion of resistance {unknown}
 l - a potion of lignification
 n - a potion of brilliance {unknown}


   Skills:
 * Level 5.1 Fighting
 * Level 4.1 Maces & Flails
 + Level 4.3 Armour
 + Level 4.3 Shields


You had 5 spell levels left.
You didn't know any spells.
Your spell library contained the following spells:

 Spells                   Type           Power      Damage    Failure   Level
 Magic Dart               Conj           0%         1d3       50%         1
 Sandblast                Erth           0%         2d4       50%         1
 Passwall                 Tmut/Erth      0%         N/A       63%         2
 Poisonous Vapours        Pois/Air       0%         N/A       63%         2
 Searing Ray              Conj           0%         2d4       63%         2
 Stone Arrow              Conj/Erth      0%         3d7       86%         3
 Corpse Rot               Necr/Pois/Air  0%         N/A       99%         4
 Fulminant Prism          Conj/Hex       0%         3d6       99%         4


Dungeon Overview and Level Annotations

Branches:
Dungeon (4/15)
 Temple: D:4-7

Altars:
Elyvilon
Zin
The Shining One

Annotations:
D:1 2 transporters
D:4 Dowan, Duvessa


Innate Abilities, Weirdness & Mutations

You are a tree.
Your roots penetrate the ground, keeping you stationary.
You cannot be teleported.
You are immune to unholy pain and torment.
Your maximum health is greatly increased.
Your equipment is partially melded.
You are immune to sickness and miasma.
((Your stone body is resilient. (AC +4)))
You are immune to poison.
You resist negative energy. (rN+)
((You are resistant to electric shocks. (rElec)))
You are resistant to unholy torment.
You are immune to petrification.


Message History

You hit the killer bee but do no damage.
The killer bee is lightly wounded.
The killer bee stings you but does no damage. x2
You block the killer bee's attack.
The killer bee stings you but does no damage. x2
You block the killer bee's attack.
You barely miss the killer bee.
The killer bee is lightly wounded.
The killer bee stings you but does no damage.
You block the killer bee's attack.
The killer bee stings you but does no damage.
You block the killer bee's attack.
The killer bee stings you but does no damage. x3
The killer bee stings you.
* * * LOW HITPOINT WARNING * * *
You block the killer bee's attack.
You barely miss the killer bee.
The killer bee is lightly wounded.
The killer bee stings you but does no damage.
The killer bee stings you!
* * * LOW HITPOINT WARNING * * *
You block the killer bee's attack.
The killer bee stings you but does no damage. x2
You block the killer bee's attack.
You miss the killer bee.
The killer bee is lightly wounded.
You block the killer bee's attack. x2; The killer bee barely misses you.
The killer bee stings you but does no damage.
The killer bee completely misses you.
The killer bee stings you but does no damage. x3
You block the killer bee's attack.
You sock the killer bee!
The killer bee is heavily wounded.
You block the killer bee's attack. x2
The killer bee stings you but does no damage.
The killer bee stings you.
* * * LOW HITPOINT WARNING * * *
The killer bee stings you but does no damage.
The killer bee stings you.
You die...

#...#.....>.......
#.#.#.#########.##
#.#.#.# #.#
#.#.#+#########.#
#.##..........#.#
#§##..........#.#
#§##..........#+##
#y##..............
#♣y§..............
###y###.####........
#.§y....# #....#'##
#.§.....# #.####...
#.......####.####.##
#...................
#...............#.##
###........#.##.#.#
#........#.##.###


You could see 4 killer bees.

Vanquished Creatures
  Sigmund (D:3)
  Crazy Yiuf (D:2)
  2 adders (D:2)
  2 worms (D:3)
  7 dart slugs
  4 orcs (D:3)
  2 bats
  3 endoplasms
  3 giant cockroaches
  13 goblins
  6 hobgoblins
  7 jackals
  11 kobolds
  A quokka (D:3)
  4 ball pythons (D:1)
  2 frilled lizards
  9 rats
78 creatures vanquished.

Notes
Turn   | Place    | Note
-------+----------+-------------------------------------------
     0 | D:1      | vineage the Gargoyle Fighter began the quest for the Orb.
     0 | D:1      | Reached XP level 1. HP: 14/14 MP: 1/1
   272 | D:1      | Reached XP level 2. HP: 19/19 MP: 2/2
   697 | D:1      | Reached XP level 3. HP: 23/24 MP: 3/3
   914 | D:1      | Found a faded altar of an unknown god.
  1506 | D:2      | Reached skill level 4 in Fighting
  1558 | D:2      | Reached XP level 4. HP: 16/29 MP: 4/4
  1894 | D:2      | Found a runed translucent door.
  1895 | D:2      | Noticed Crazy Yiuf
  2270 | D:2      | Killed Crazy Yiuf
  2385 | D:3      | Reached XP level 5. HP: 34/34 MP: 5/5
  2405 | D:3      | Noticed Sigmund
  2424 | D:3      | Killed Sigmund
  2425 | D:3      | Reached skill level 5 in Fighting
  2425 | D:3      | Reached XP level 6. HP: 7/40 MP: 6/6
  3194 | D:3      | Found a glowing golden altar of the Shining One.
  3195 | D:3      | Found a white marble altar of Elyvilon.
  3292 | D:3      | Found a glowing silver altar of Zin.
  3854 | D:4      | Noticed Duvessa
  3858 | D:4      | Noticed Dowan
  3881 | D:3      | HP: 2/60 [killer bee (7)]
  3883 | D:3      | Slain by a killer bee

Illustrated notes

Levels and vault maps discovered:
D:1:      spicycebolla_arrival_transporter_tutorial, layout_loops_corners,
          ebering_ecumenical_altar_webs, chequers_serial_rivers_micro_c
D:2:      layout_rooms, kennysheep_small_spiral, minmay_split_cup_large,
          uniq_crazy_yiuf_cottage
D:3:      layout_basic, good_gods_mini_temple, uniq_sigmund
D:4:      layout_rooms, lemuel_round_altar, roderic_batcave,
          kennysheep_generic_room_11, uniq_pikel, uniq_duvessa

Skill      XL: |  1  2  3  4  5 |
---------------+----------------+-----
Fighting       | 4 5 |  5.1
Maces & Flails | 3 4 |  4.1
Armour         | 4 |  4.3
Shields        | 4 |  4.3

Action                   |  1- 3 |  4- 6 || total
-------------------------+-------+-------++-------
Melee: Flail             |   120 |   124 ||   244
  Use: Scroll            |     1 |     1 ||     2
       Potion            |       |     4 ||     4
Armor: Scale mail        |    80 |    93 ||   173
       Skin              |       |    52 ||    52
Dodge: Dodged            |    64 |    93 ||   157
Block: Buckler           |    79 |   130 ||   209
       Reflection        |     5 |     6 ||    11

Table legend: (Time is in decaauts)
 A = Elapsed time spent in this place.
 B = Non-inter-level travel time spent in this place.
 C = Inter-level travel time spent in this place.
 D = Time resting spent in this place.
 E = Time spent auto-exploring this place.
 F = Levels seen in this place.
 G = Mean time per level.
                   A        B        C        D        E       F      G
               +--------+--------+--------+--------+--------+-----+--------+
         Total |   3951 |   3844 |    107 |    556 |   2675 |   4 |  987.8 |
       Dungeon |   3951 |   3844 |    107 |    556 |   2675 |   4 |  987.8 |
               +--------+--------+--------+--------+--------+-----+--------+

Top non-repeatable levels by time:
     D:3: 1544 daAuts
     D:1: 1228 daAuts
     D:2: 1175 daAuts
     D:4: 4 daAuts
